 Dungeon Crawl Stone Soup version 0.29.1-1-gd02db6906a (webtiles) character file.

Game seed: 229559356413091064

98 Earthwalker the Trooper (level 4, -4/40 HPs)
             Began as a Minotaur Fighter on Oct 13, 2022.
             Slain by Sigmund
             ... wielding a +0 scythe
              (6 damage)
             ... on level 3 of the Dungeon.
             The game lasted 00:03:20 (1725 turns).

Earthwalker the Trooper (Minotaur Fighter)          Turns: 1725, Time: 00:03:21

Health: -4/40      AC:  9    Str: 22    XL:     4   Next: 44%
Magic:  3/3        EV: 11    Int:  5    God:
Gold:   111        SH:  4    Dex: 10    Spells: 3/3 levels left

rFire   . . .      SeeInvis .   a - +0 war axe
rCold   . . .      Faith    .   c - +0 buckler
rNeg    . . .      Spirit   .   u - +2 ring mail {rPois}
rPois   +          Reflect  .   r - +2 hat
rElec   .          Harm     .   (no cloak)
rCorr   .          Rampage  .   (no gloves)
Will    .....                   (no boots)
Stlth   ..........              (no amulet)
HPRegen 0.13/turn               (no ring)
MPRegen 0.08/turn               (no ring)

@: no status effects
A: horns 2, retaliatory headbutt
a: no special abilities


You were on level 3 of the Dungeon.
You visited 1 branch of the dungeon, and saw 3 of its levels.

You collected 111 gold pieces.

Inventory:

Hand Weapons
 a - a +0 war axe (weapon)
Missiles
 f - 3 javelins (quivered)
 k - 24 stones
 n - 6 boomerangs
 o - 6 poisoned darts
Armour
 b - a +0 scale mail
 c - a +0 buckler (worn)
 r - a +2 hat (worn)
 u - a +2 ring mail of poison resistance (worn)
Wands
 y - a wand of flame (20)
Scrolls
 g - a scroll of summoning {unknown}
 h - 3 scrolls of identify {unknown}
 i - a scroll of fear {unknown}
 j - a scroll of amnesia {unknown}
 l - a scroll of immolation {unknown}
 m - a scroll of teleportation {unknown}
 q - a scroll of vulnerability {unknown}
 s - a scroll of silence {unknown}
 x - a scroll of magic mapping {unknown}
Potions
 d - a potion of might
 e - 2 potions of curing {unknown}
 p - a potion of heal wounds {unknown}
 t - a potion of degeneration {unknown}
 v - 2 potions of berserk rage {unknown}
 w - a potion of invisibility {unknown}


   Skills:
 * Level 4.2 Fighting
 * Level 3.0 Axes
 + Level 0.9 Throwing
 * Level 4.1 Armour
 * Level 2.3 Dodging
 * Level 4.2 Shields


You had 3 spell levels left.
You didn't know any spells.
Your spell library contained the following spells:

 Spells                   Type           Power      Damage    Failure   Level
 Magic Dart               Conj           0%         1d3       73%         1
 Necrotise                Necr           0%         1d4       73%         1
 Vampiric Draining        Necr           0%         2d6       97%         3
 Agony                    Necr           0%         N/A       100%        5


Dungeon Overview and Level Annotations

Branches:
Dungeon (3/15)

Altars:

Annotations:
D:3 Sigmund


Innate Abilities, Weirdness & Mutations

You have a pair of horns on your head.
You reflexively headbutt those who attack you in melee.


Message History

No target in view!
No target in view!
You barely miss something. Your headbutt misses something. Something hits you.
You closely miss something. Your headbutt misses something. Something hits you.
You barely miss something. Your headbutt misses something.
Something hits you but does no damage.
You closely miss something. Something completely misses you.
You miss something. Your headbutt misses something.
You block something's attack.
You miss something. Something hits you but does no damage.
You hit something. You block something's attack.
You hit something. You closely miss something. Your headbutt misses something.
Something hits you but does no damage.
You barely miss something. Something hits you but does no damage.
You hit something but do no damage. You headbutt something.
You hear some strange, mumbled words.
You are confused.
You hear some strange, mumbled words.
A puff of flame appears from out of thin air!
The puff of flame hits you! Something hits you.
You closely miss something. Your headbutt misses something. You miss something.
Something hits you but does no damage.
You hit something but do no damage. Your headbutt misses something.
You hear some strange, mumbled words.
A magic dart appears from out of thin air!
The magic dart hits you.
* * * LOW HITPOINT WARNING * * *
Something hits you!
* * * LOW HITPOINT WARNING * * *
You closely miss something. Your headbutt misses something.
You feel less confused. Something hits you but does no damage.
You barely miss something. You barely miss something.
Your headbutt misses something.
You hear some strange, mumbled words.
Something tries to affect you, but you resist.
Something hits you.
You die...

.. #..... .....
###.##'# ..... #..##...
.....##### #####.##....
........####....##.8...
...............##.#....
.##....####.###...8...
#....# #.#.+.......
#..@.# #.#.#...8...
#..{.# #...##.#....
#....# #######.8...
#..... ##..)) #######
##... ##'# ###.# #....
#....


There were no monsters in sight!

Vanquished Creatures
  Terence (D:3)
  3 adders
  A worm (D:2)
  A dart slug (D:2)
  An orc (D:3)
  2 endoplasms (D:1)
  2 giant cockroaches
  7 goblins
  4 hobgoblins (D:1)
  A ball python (D:1)
  5 bats
  3 frilled lizards
  4 kobolds
  4 rats
39 creatures vanquished.

Vanquished Creatures (others)
  3 fungi (D:2)
  2 plants (D:2)
5 creatures vanquished.

Grand Total: 44 creatures vanquished

Notes
Turn   | Place    | Note
-------+----------+-------------------------------------------
     0 | D:1      | Earthwalker the Minotaur Fighter began the quest for the
                  | Orb.
     0 | D:1      | Reached XP level 1. HP: 19/19 MP: 0/0
   349 | D:1      | Reached XP level 2. HP: 23/27 MP: 1/1
   395 | D:1      | Reached skill level 1 in Dodging
  1041 | D:2      | Reached XP level 3. HP: 33/33 MP: 2/2
  1356 | D:2      | Found a faded altar of an unknown god.
  1360 | D:2      | Got Plato's Quarto of Bolts
  1564 | D:3      | Reached XP level 4. HP: 40/40 MP: 3/3
  1576 | D:3      | Noticed Terence
  1583 | D:3      | Killed Terence
  1697 | D:3      | Noticed Sigmund
  1722 | D:3      | HP: 2/40 [something (8)]
  1725 | D:3      | Slain by Sigmund

Illustrated notes

Levels and vault maps discovered:
D:1:      arrival_zaba_pyramid, layout_basic, interstate_on_off,
          palyth_stone_intersect
D:2:      layout_loops_cross, shapermc_ecumenical_altar_rom_forum
D:3:      layout_basic, kennysheep_nondescript, dk_noncrumbling_3,
          nicolae_figureground_sparkle, uniq_sigmund, uniq_natasha, uniq_terence

Skill      XL: |  1  2  3  4 |
---------------+-------------+-----
Dodging        | 1 2 |  2.3
Fighting       | 4 |  4.2
Shields        | 4 |  4.2
Armour         | 4 |  4.1
Axes           | 3 |  3.0
Throwing       | |  0.9

Action                   |  1- 3 |  4- 6 || total
-------------------------+-------+-------++-------
Melee: War axe           |    76 |    33 ||   109
       Headbutt          |     8 |     1 ||     9
Armor: Scale mail        |    27 |       ||    27
       Ring mail         |     4 |    10 ||    14
Dodge: Dodged            |    28 |    10 ||    38
Block: Buckler           |    17 |     4 ||    21
